 Dungeon Crawl Stone Soup version 0.20-a0-501-g0de2c2e (webtiles) character file.

2184 kidcy the Blocker (level 9, -4/63 HPs)
             Began as a Formicid Fighter on Jan 19, 2017.
             Was a Follower of Hepliaklqana.
             Slain by a two-headed ogre
             ... wielding a +0 great mace
              (9 damage)
             ... on level 8 of the Dungeon.
             The game lasted 00:11:54 (5448 turns).

kidcy the Blocker (Formicid Fighter)                Turns: 5448, Time: 00:11:54

Health: -4/63      AC: 14    Str: 20    XL:     9   Next: 59%
Magic:  9/9        EV:  3    Int:  9    God:    Hepliaklqana [*.....]
Gold:   479        SH: 16    Dex: 13    Spells: 8/8 levels left

rFire    . . .     SeeInvis +   x - +1 falchion (elec)
rCold    . . .     Gourm    .   n - +0 plate armour
rNeg     . . .     Faith    .   a - +0 large shield
rPois    .         Spirit   .   (helmet unavailable)
rElec    .         Reflect  .   (no cloak)
rCorr    .         Harm     .   (no gloves)
MR       .....                  m - +1 pair of boots
Stlth    ..........             (no amulet)
Regen    0.2/turn               (no ring)
                                (no ring)

@: no status effects
A: permanent stasis, dig shafts and tunnels, four strong arms, reduced essence,
antennae 3
a: Dig, Shaft Self, Recall Ancestor, Ancestor Identity, Renounce Religion


You were on level 8 of the Dungeon.
You worshipped Hepliaklqana.
Hepliaklqana was aware of your devotion.
You were not hungry.

You visited 1 branch of the dungeon, and saw 8 of its levels.

You collected 479 gold pieces.

Inventory:

Hand Weapons
 x - a +1 falchion of electrocution (weapon)
Armour
 a - a +0 large shield (worn)
 m - a +1 pair of boots (worn)
 n - a +0 plate armour (worn)
Jewellery
 C - an uncursed ring of wizardry
Scrolls
 c - 2 scrolls of remove curse
 j - 3 scrolls of teleportation
 s - a scroll of random uselessness
 v - 6 scrolls of identify
 w - a scroll of fear
Potions
 d - a potion of might
 g - a potion of flight
 h - a potion of ambrosia {unknown}
 i - a potion of degeneration {unknown}
 l - 2 potions of heal wounds
 o - 3 potions of curing {unknown}
 p - 2 potions of agility
 q - a potion of resistance
 r - a potion of magic
 u - 4 potions of haste
 A - 2 potions of brilliance {unknown}
 B - a potion of berserk rage {unknown}
Books
 b - a book of Minor Magic

   Spells                             Type                      Level
   a - Magic Dart                     Conjuration                  1
   b - Blink                          Translocation                2
   c - Call Imp                       Summoning                    2
   d - Repel Missiles                 Charms/Air                   2
   e - Slow                           Hexes                        2
   f - Conjure Flame                  Conjuration/Fire             3
   g - Mephitic Cloud                 Conjuration/Poison/Air       3
 e - a book of Necromancy

   Spells                             Type                      Level
   a - Pain                           Necromancy                   1
   b - Animate Skeleton               Necromancy                   1
   c - Vampiric Draining              Necromancy                   3
   d - Regeneration                   Charms/Necromancy            3
   e - Animate Dead                   Necromancy                   4
   f - Control Undead                 Necromancy                   4
Comestibles
 f - 2 bread rations
 k - 2 slices of pizza
 t - 3 meat rations
 z - 4 fruits


   Skills:
 + Level 6.9 Fighting
 * Level 8.4 Long Blades
 - Level 4.4 Armour
 * Level 8.5 Shields


You had 8 spell levels left.
You didn't know any spells.

Dungeon Overview and Level Annotations

Branches:
Dungeon (8/15)             Temple (0/1) D:7
   Lair: D:8-11

Altars:
Cheibriados
Elyvilon
Gozag
Hepliaklqana
Nemelex Xobeh
Okawaru
Vehumet
Zin
The Shining One

Annotations:
D:4 Grinder


Innate Abilities, Weirdness & Mutations

You cannot be hasted, slowed, berserked, paralysed or teleported.
You can dig through walls and to a lower floor.
Your four strong arms can wield two-handed weapons with a shield.
You have a pair of large antennae on your head. (SInv)
Your life essence is reduced. (-10% HP)


Message History

You block the centaur's attack.
Tomi hits the centaur!
You hit the two-headed ogre.
The two-headed ogre is almost dead.
You block the centaur's attack. You block the two-headed ogre's attack.
The two-headed ogre hits you but does no damage.
Tomi hits the centaur.
The centaur hits you but does no damage.
You hit the two-headed ogre.
The two-headed ogre is almost dead.
You block the centaur's attack.
Tomi closely misses the centaur.
The two-headed ogre hits you with a great mace!!
* * * LOW HITPOINT WARNING * * *
The two-headed ogre hits you with a giant club!
* * * LOW HITPOINT WARNING * * *
Your shield and plate armour prevent you from hitting the two-headed ogre.
The two-headed ogre is almost dead.
You block the centaur's attack.
Tomi hits the centaur.
The centaur dies!
The two-headed ogre hits you with a great mace!
You die...

#.....................# #######
#.....................# ......#
#.....................# ......#
#.........###.........# ......#
#.........# #.........# ......#
##.....#+####.........#
......######'#####........{R....#
....>..........(RO....'..........
####+###.##...#.@)l...#####......
#.###.##...#<###...# #......
####.............((...+ +......
.........###..........# #......
.........'['..........# #######
.........###..........###########
############....................#
#........................#
#........................#


You could see the friendly Tomi the ancestor, a two-headed ogre and an iguana.

Vanquished Creatures
  Prince Ribbit (D:6)
  2 ice beasts
  2 sky beasts
  A centaur (D:6)
  2 bullfrogs (D:8)
  7 wights
  2 centaur zombies
  4 crimson imps (D:7)
  A quasit (D:7)
  A hound (D:7)
  A gnoll shaman (D:7)
  An orc priest (D:4)
  2 iguanas
  3 orc wizards
  3 worker ants
  2 hound zombies (D:7)
  10 gnolls
  8 adders
  An ooze (D:5)
  An adder skeleton (D:5)
  An adder zombie (D:5)
  4 worms
  A dart slug (D:1)
  8 leopard geckos
  20 orcs
  2 giant cockroaches
  2 goblins
  7 hobgoblins
  4 jackals (D:3)
  4 quokkas
  8 bats
  8 frilled lizards
  6 kobolds
  4 rats
134 creatures vanquished.

Vanquished Creatures (collateral kills)
  A phantom (D:7)
  A centaur (D:8)
  2 wights
  An orc wizard (D:7)
  A worker ant zombie (D:5)
  An adder (D:7)
  3 orcs
  A giant cockroach (D:6)
  A quokka skeleton (D:6)
12 creatures vanquished.

Vanquished Creatures (others)
  An ancestor (D:6)
1 creature vanquished.

Grand Total: 147 creatures vanquished

Notes
Turn   | Place    | Note
-------+----------+-------------------------------------------
     0 | D:1      | kidcy the Formicid Fighter began the quest for the Orb.
     0 | D:1      | Reached XP level 1. HP: 18/18 MP: 1/1
    93 | D:1      | Reached XP level 2. HP: 18/24 MP: 2/2
   767 | D:1      | Reached XP level 3. HP: 29/29 MP: 3/3
  1100 | D:2      | Reached XP level 4. HP: 32/37 MP: 4/4
  1635 | D:3      | Reached XP level 5. HP: 41/42 MP: 5/5
  2590 | D:3      | Reached XP level 6. HP: 45/49 MP: 6/6
  2635 | D:3      | Found an opulent altar of Gozag.
  2635 | D:3      | Found a faded altar of an unknown god.
  2640 | D:3      | Found a snail-covered altar of Cheibriados.
  2642 | D:3      | Found a faded altar of an unknown god.
  2643 | D:3      | Found an iron altar of Okawaru.
  3010 | D:4      | Noticed Grinder
  3154 | D:4      | Reached skill level 5 in Long Blades
  3228 | D:4      | You fall through a shaft!
  3228 | D:5      | Entered Level 5 of the Dungeon
  3318 | D:5      | Noticed a sky beast
  3329 | D:5      | Killed a sky beast
  3329 | D:5      | Reached XP level 7. HP: 48/55 MP: 7/7
  3485 | D:5      | Found a hazy altar of Hepliaklqana.
  3488 | D:5      | Found a sparkling altar of Nemelex Xobeh.
  3491 | D:5      | Found a radiant altar of Vehumet.
  3499 | D:5      | Became a worshipper of Hepliaklqana the Forgotten
  3591 | D:5      | Reached skill level 5 in Fighting
  3979 | D:6      | Found a glowing silver altar of Zin.
  3979 | D:6      | Found a glowing golden altar of the Shining One.
  3980 | D:6      | Found a white marble altar of Elyvilon.
  4037 | D:6      | Reached skill level 5 in Shields
  4071 | D:6      | You fall through a shaft!
  4097 | D:7      | Reached XP level 8. HP: 38/55 MP: 8/8
  4384 | D:7      | Found a staircase to the Ecumenical Temple.
  4496 | D:7      | Found a hazy altar of Hepliaklqana.
  4674 | D:8      | Reached XP level 9. HP: 57/62 MP: 9/9
  4710 | D:8      | Reached * piety under Hepliaklqana
  4867 | D:8      | Noticed a two-headed ogre
  4927 | D:6      | Noticed Prince Ribbit
  4942 | D:6      | Killed Prince Ribbit
  5448 | D:8      | Slain by a two-headed ogre

Vault maps used:
D:1:      dpeg_arrival_boxorama
D:3:      chequers_temple_overflow_minitemple, grunt_ministairs_3,
          hangedman_decor_points
D:4:      roderic_whirl, uniq_grinder
D:5:      grunt_temple_overflow_diamond, first_bread
D:6:      good_gods_temple_1, hangedman_decor_growths, uniq_prince_ribbit1
D:7:      basic_altar

Skill      XL: |  1  2  3  4  5  6  7  8  9 |
---------------+----------------------------+-----
Long Blades    | 3 4 5 6 7 8 |  8.4
Fighting       | 4 5 6 |  6.9
Armour         | 4 |  4.4
Shields        | 4 5 7 8 |  8.5

Action                   |  1- 3 |  4- 6 |  7- 9 || total
-------------------------+-------+-------+-------++-------
Melee: Long sword        |    91 |   316 |       ||   407
       Falchion          |       |    34 |   226 ||   260
Invok: Ancestor Identity |       |       |     3 ||     3
       Recall Ancestor   |       |       |     1 ||     1
 Abil: Shaft Self        |       |     1 |     1 ||     2
       Dig               |       |       |     1 ||     1
  Use: Scroll            |       |    11 |     7 ||    18
       Potion            |       |       |     1 ||     1
 Stab: Distracted        |       |       |     2 ||     2
  Eat: Chunk             |       |     8 |       ||     8
       Bread ration      |       |       |     2 ||     2
Armor: Scale mail        |    28 |       |       ||    28
       Plate armour      |    21 |   238 |    96 ||   355
Dodge: Dodged            |    22 |    80 |    22 ||   124
Block: Shield            |    53 |   232 |       ||   285
       Large shield      |       |    23 |   189 ||   212
       Rpst.: Long sword |    12 |    23 |       ||    35
       Falchion          |       |     2 |     6 ||     8
